 Dungeon Crawl Stone Soup version 0.29-a0-1019-g84f7d21838 (webtiles) character file.

Game seed: 2641109485249960138

231 frimble the Digger (level 5, -1/36 HPs)
             Began as a Demonspawn Earth Elementalist on Aug 10, 2022.
             Slain by an iguana (8 damage)
             ... on level 4 of the Dungeon.
             The game lasted 00:05:52 (3698 turns).

frimble the Digger (Demonspawn Earth Elementalist)  Turns: 3698, Time: 00:05:52

Health: -1/36      AC:  6    Str:  9    XL:     5   Next: 73%
Magic:  12/17      EV: 12    Int: 16    God:
Gold:   271        SH:  0    Dex: 21    Spells: 7/8 levels left

rFire   . . .      SeeInvis .   k - +1 dagger (freeze)
rCold   . . .      Faith    .   (no shield)
rNeg    . . .      Spirit   .   a - +0 robe
rPois   .          Reflect  .   (no helmet)
rElec   .          Harm     .   n - +0 cloak
rCorr   .          Rampage  .   d - +0 pair of gloves
Will    .....                   (no boots)
Stlth   ++........              s - amulet of the acrobat
HPRegen 0.12/turn               u - ring of magical power
MPRegen 0.15/turn               v - +6 ring of dexterity

@: very slightly contaminated
A: thin metallic scales 1
a: no special abilities


You were on level 4 of the Dungeon.
You visited 1 branch of the dungeon, and saw 4 of its levels.

You collected 307 gold pieces.
You spent 36 gold pieces at shops.

Inventory:

Hand Weapons
 c - a +0 dagger
 k - a +1 dagger of freezing (weapon)
 l - a +0 dagger of draining
Missiles
 i - a throwing net
Armour
 a - a +0 robe (worn)
 d - a +0 pair of gloves (worn)
 n - a +0 cloak (worn)
Jewellery
 s - an amulet of the acrobat (around neck)
 u - a ring of magical power (left hand)
 v - a +6 ring of dexterity (right hand)
Scrolls
 e - a scroll of blinking
 f - 2 scrolls of magic mapping
 g - a scroll of amnesia
 j - 2 scrolls of immolation
 m - a scroll of fear
 q - 2 scrolls of teleportation
 t - 3 scrolls of identify
Potions
 b - a potion of magic
 h - 3 potions of curing
 o - 2 potions of mutation
 p - a potion of haste
 r - a potion of berserk rage {unknown}


   Skills:
 + Level 0.6 Fighting
 - Level 2.2 Short Blades
 - Level 1.7 Dodging
 - Level 1.7 Stealth
 - Level 2.0 Spellcasting
 - Level 3.0 Transmutations
 - Level 4.3 Earth Magic


You had 7 spell levels left.
You knew the following spells:

 Your Spells              Type           Power      Damage    Failure   Level
a - Sandblast             Erth           30%        2d9       3%          1

Your spell library contained the following spells:

 Spells                   Type           Power      Damage    Failure   Level
 Passwall                 Tmut/Erth      10%        N/A       7%          2
 Shock                    Conj/Air       4%         1d3       21%         1
 Stone Arrow              Conj/Erth      16%        3d8       26%         3
 Ignite Poison            Fire/Tmut/Pois 4%         N/A       38%         3
 Petrify                  Tmut/Erth      13%        N/A       43%         4
 Call Canine Familiar     Summ           1%         N/A       52%         3
 Inner Flame              Hex/Fire       1%         N/A       52%         3
 Mephitic Cloud           Conj/Pois/Air  1%         N/A       52%         3
 Portal Projectile        Hex/Tloc       2%         N/A       52%         3
 Leda's Liquefaction      Hex/Erth       4%         N/A       65%         4
 Ice Form                 Ice/Tmut       6%         N/A       73%         4
 Cause Fear               Hex            0%         N/A       90%         4
 Hailstorm                Conj/Ice       1%         3d3       90%         4
 Freezing Cloud           Conj/Ice/Air   0%         6-21      99%         5
 Simulacrum               Ice/Necr       0%         N/A       100%        6
 Discord                  Hex            0%         N/A       100%        8


Dungeon Overview and Level Annotations

Branches:
Dungeon (4/15)
 Temple: D:4-7

Altars:

Shops:
D:3 ?


Innate Abilities, Weirdness & Mutations

You are partially covered in thin metallic scales. (AC +2)


Message History

You hit the iguana but do no damage.
The iguana is lightly wounded.
The iguana closely misses you.
You hit the iguana but do no damage.
The iguana is lightly wounded.
Aiming: Sandblast (safe; 3% risk of failure)
Press: ? - help, Q - select action, (/) - cycle Shift-Dir - straight line, f/p - iguana
Aim: an iguana (lightly wounded, 84% to hit)
The blast of sand hits the iguana.
The iguana is heavily wounded.
The iguana bites you but does no damage.
The iguana barely misses you.
Aiming: Sandblast (safe; 3% risk of failure)
Press: ? - help, Q - select action, (/) - cycle Shift-Dir - straight line, f/p - iguana
Aim: an iguana (heavily wounded, 84% to hit)
The blast of sand hits the iguana.
The iguana is severely wounded.
The iguana completely misses you. The iguana bites you.
Aiming: Sandblast (safe; 3% risk of failure)
Press: ? - help, Q - select action, (/) - cycle Shift-Dir - straight line, f/p - iguana
Aim: an iguana (severely wounded, 84% to hit)
You miscast Sandblast.
You are very lightly contaminated with residual magic.
Nothing appears to happen.
The iguana bites you.
Aiming: Sandblast (safe; 3% risk of failure)
Press: ? - help, Q - select action, (/) - cycle Shift-Dir - straight line, f/p - iguana
Aim: an iguana (severely wounded, 84% to hit)
The blast of sand hits the iguana but does no damage.
The iguana is severely wounded.
The iguana hisses menacingly.
The iguana bites you! x2
* * * LOW HITPOINT WARNING * * *
Aiming: Sandblast (safe; 3% risk of failure)
Press: ? - help, Q - select action, (/) - cycle Shift-Dir - straight line, f/p - iguana
Aim: an iguana (severely wounded, 84% to hit)
The blast of sand hits the iguana.
The iguana is almost dead.
The iguana bites you!
You die...

### ###############
#...##..............
#...........>.......
#...##.#####.#######
# #.#............
#@#.###..#.#### #l#
#.......# #.#
#..#.##.#
#.#.###..#.##.#
#.#......#.##.####
....###...........
#........#.##.####
###.####.#.##.#
....#+##.#


You could see an iguana.

Vanquished Creatures
  A centaur (D:4)
  A hound (D:4)
  An iguana (D:4)
  An adder (D:2)
  2 worms
  3 dart slugs
  12 orcs
  3 ball pythons
  6 endoplasms
  A giant cockroach (D:4)
  11 goblins
  4 hobgoblins
  4 kobolds
  2 quokkas
  5 bats
  3 rats
60 creatures vanquished.

Notes
Turn   | Place    | Note
-------+----------+-------------------------------------------
     0 | D:1      | frimble the Demonspawn Earth Elementalist began the quest
                  | for the Orb.
     0 | D:1      | Reached XP level 1. HP: 13/13 MP: 3/3
    67 | D:1      | Reached skill level 1 in Transmutations
   184 | D:1      | Reached skill level 3 in Earth Magic
   185 | D:1      | Gained mutation: You are partially covered in thin metallic
                  | scales. (AC +2) [demonic ancestry]
   185 | D:1      | Reached XP level 2. HP: 19/19 MP: 1/5
  1425 | D:2      | Reached XP level 3. HP: 23/24 MP: 2/6
  1611 | D:2      | Found a faded altar of an unknown god.
  1830 | D:2      | Got the Discourse on Voltaic Blasts
  2393 | D:3      | Reached XP level 4. HP: 18/30 MP: 0/7
  2655 | D:3      | Found Mygixasuno's Magic Scroll Shoppe.
  2670 | D:3      | Bought a scroll of teleportation for 36 gold pieces
  3212 | D:4      | Reached skill level 4 in Earth Magic
  3355 | D:4      | Reached XP level 5. HP: 35/35 MP: 8/8
  3544 | D:4      | Noticed a centaur
  3554 | D:4      | Killed a centaur
  3698 | D:4      | Slain by an iguana

Illustrated notes

Levels and vault maps discovered:
D:1:      lightli_arrival_boilingwater, layout_loops_ring, minmay_tetromino_o2
D:2:      layout_basic, chequers_ecumenical_altar_island
D:3:      layout_basic, serial_shops, shop_coins
D:4:      layout_basic, uniq_edmund

Skill      XL: |  1  2  3  4  5 |
---------------+----------------+-----
Transmutations | 1 2 3 |  3.0
Earth Magic    | 3 4 |  4.3
Short Blades   | 2 |  2.2
Fighting       | |  0.6
Dodging        | |  1.7
Stealth        | |  1.7
Spellcasting   | |  2.0

Action                   |  1- 3 |  4- 6 || total
-------------------------+-------+-------++-------
Melee: Unarmed           |    11 |       ||    11
       Dagger            |    40 |    45 ||    85
       Punch             |       |     1 ||     1
 Cast: Sandblast         |    49 |    43 ||    92
  Use: Scroll            |    10 |       ||    10
 Stab: Sleeping          |     5 |       ||     5
Armor: Robe              |    23 |    35 ||    58
Dodge: Dodged            |    64 |    77 ||   141

Table legend: (Time is in decaauts)
 A = Elapsed time spent in this place.
 B = Non-inter-level travel time spent in this place.
 C = Inter-level travel time spent in this place.
 D = Time resting spent in this place.
 E = Time spent auto-exploring this place.
 F = Levels seen in this place.
 G = Mean time per level.
                   A        B        C        D        E       F      G
               +--------+--------+--------+--------+--------+-----+--------+
         Total |   3789 |   3741 |     48 |    100 |   3006 |   4 |  947.2 |
       Dungeon |   3789 |   3741 |     48 |    100 |   3006 |   4 |  947.2 |
               +--------+--------+--------+--------+--------+-----+--------+

Top non-repeatable levels by time:
     D:1: 1186 daAuts
     D:3: 972 daAuts
     D:4: 862 daAuts
     D:2: 768 daAuts
